 Dungeon Crawl Stone Soup version 0.31-a0-702-gf82c85558f (webtiles) character file.

Game seed: 5847823201787287538

359 qw the Shooter (level 6, 0/37 HPs)
             Began as a Gargoyle Hunter on Sept 8, 2023.
             Slain by Duvessa
             ... wielding a +0 short sword
              (7 damage)
             ... on level 3 of the Dungeon.
             The game lasted 00:01:13 (2249 turns).

qw the Shooter (Gargoyle Hunter)                    Turns: 2249, Time: 00:01:14

Health: 0/37       AC: 11    Str: 14    XL:     6   Next: 65%
Magic:  0/6        EV: 11    Int: 10    God:
Gold:   142        SH:  0    Dex: 15    Spells: 5/5 levels left

rFire   . . .        Y - +1 shortbow
rCold   . . .        (shield currently unavailable)
rNeg    + . .        f - +0 ring mail
rPois   inf          g - +0 helmet
rElec   +            (no cloak)
rCorr   .            (no gloves)
SInv    .            (no boots)
Will    .....        a - amulet of guardian spirit
Stlth   +            (no ring)
HPRegen 0.26/turn    (no ring)
MPRegen 0.10/turn

%: guardian spirit
@: no status effects
A: sickness immunity, AC +4, negative energy resistance 1, electricity
resistance, torment resistance 1, petrification resistance
a: no special abilities


You were on level 3 of the Dungeon.
You visited 1 branch of the dungeon, and saw 4 of its levels.

You collected 142 gold pieces.


Innate Abilities, Weirdness & Mutations

You are immune to sickness and miasma.
Your stone body is resilient. (AC +4)
You are immune to poison.
You resist negative energy. (rN+)
You are resistant to electric shocks. (rElec)
You are resistant to unholy torment.
You are immune to petrification.


   Skills:
 - Level 3.1 Fighting
 + Level 5.8 Ranged Weapons
 - Level 4.7 Armour
 - Level 1.5 Dodging
 - Level 1.1 Stealth


You had 5 spell levels left.
You didn't know any spells.
Your spell library was empty.

Inventory:

Hand Weapons
 Y - a +1 shortbow (weapon)
Armour
 f - a +0 ring mail (worn)
 g - a +0 helmet (worn)
Jewellery
 a - an amulet of guardian spirit (around neck)
 e - a ring of ice
Potions
 b - a potion of mutation {unknown}
 c - a potion of might {unknown}
 d - a potion of berserk rage {unknown}
 l - a potion of enlightenment {unknown}

Dungeon Overview and Level Annotations

Branches:
Dungeon (4/15)
 Temple: D:4-7

Altars:

Shops:
D:2 *

Annotations:
D:3 2 transporters, Dowan; Duvessa; qw's ghost, amateur GrHu


Message History

Duvessa hits you with a +0 short sword! Duvessa hits you but does no damage.
You shoot an arrow. The arrow completely misses Duvessa.
The arrow closely misses Dowan.
Duvessa hits you but does no damage.
You shoot an arrow. The arrow barely misses Duvessa.
The arrow hits Dowan but does no damage.
Dowan is moderately wounded.
Duvessa hits you with a +0 short sword.
You shoot an arrow.
The arrow hits Duvessa but does no damage.
Duvessa is lightly wounded.
Duvessa hits you with a +0 short sword!
You shoot an arrow. The arrow completely misses Duvessa.
The arrow hits Dowan.
Dowan is moderately wounded.
You are no longer glowing.
Duvessa hits you but does no damage.
You shoot an arrow.
The arrow hits Duvessa but does no damage.
Duvessa is lightly wounded.
Duvessa hits you with a +0 short sword. Duvessa barely misses you.
You shoot an arrow. The arrow hits Duvessa.
Duvessa is lightly wounded.
Duvessa closely misses you.
You shoot an arrow. The arrow hits Duvessa.
Duvessa is moderately wounded.
Duvessa says, "When magic and the sword combine, nothing stands against them."
Duvessa hits you with a +0 short sword.
You shoot an arrow.
The arrow hits Duvessa but does no damage.
Duvessa is moderately wounded.
Dowan gestures wildly while chanting.
Dowan blinks!
Duvessa hits you but does no damage.
You shoot an arrow.
The arrow hits Duvessa but does no damage.
Duvessa is lightly wounded.
Duvessa hits you but does no damage.
You shoot an arrow. The arrow hits Duvessa.
Duvessa is moderately wounded.
Duvessa hits you with a +0 short sword!
You die...

########## #......(.#
#........# #........#
#........# #......=.#
#..>)...e#######
#.......¤e@....#
#>.......####..#
#........# #..## #
#........###.## #
#####.....###..# ##
#.....#.### #.## .#
#.....#.# #.#
.####.....#.#####.#####
...##....##...........#


You could see Duvessa and Dowan.

Vanquished Creatures
  Sigmund (D:2)
  An iguana (D:2)
  Robin (D:2)
  3 gnolls (D:3)
  5 adders
  2 worms
  3 dart slugs
  9 endoplasms
  4 giant cockroaches
  5 hobgoblins
  3 quokkas
  2 ball pythons
  5 bats
  4 frilled lizards
  19 goblins
  6 kobolds
  6 rats
79 creatures vanquished.

Notes
Turn   | Place    | Note
-------+----------+-------------------------------------------
     0 | D:1      | qw the Gargoyle Hunter began the quest for the Orb.
     0 | D:1      | Reached XP level 1. HP: 12/12 MP: 1/1
     0 | D:1      | 0 ||| qw: Version: 0.3-a-76-g4403597
     0 | D:1      | 0 ||| qw: Game counter: 1225
     0 | D:1      | 0 ||| qw: Melee chars always use a shield: true
     0 | D:1      | 0 ||| qw: God list: Okawaru
     0 | D:1      | 0 ||| qw: Allow faded altars: false
     0 | D:1      | 0 ||| qw: Do Orc after clearing Dungeon:15 true
     0 | D:1      | 0 ||| qw: Do second Lair branch before Depths: true
     0 | D:1      | 0 ||| qw: Lair rune preference: random
     0 | D:1      | 0 ||| qw: Goals: Normal
     0 | D:1      | 0 ||| PLANNING D:1-11
   113 | D:1      | Reached XP level 2. HP: 17/17 MP: 2/2
   429 | D:1      | Reached XP level 3. HP: 21/21 MP: 3/3
   470 | D:1      | 470 ||| UPGRADING to +0 ring mail.
   480 | D:1      | 480 ||| DROPPING +0 leather armour.
   481 | D:1      | 481 ||| READING scroll labelled JOPATT HOTAMUIN.
   482 | D:1      | 482 ||| DRINKING 2 fizzy clear potions.
   483 | D:1      | 483 ||| DROPPING scroll of butterflies.
   484 | D:1      | 484 ||| DROPPING potion of degeneration.
   548 | D:2      | Noticed Sigmund
   570 | D:2      | Killed Sigmund
   571 | D:2      | Reached XP level 4. HP: 20/26 MP: 4/4
   571 | D:2      | Reached XP level 5. HP: 23/30 MP: 5/5
   620 | D:2      | Reached skill level 5 in Ranged Weapons
   621 | D:2      | 621 ||| STAIRDANCE
   638 | D:2      | 638 ||| STAIRDANCE
   646 | D:2      | Found Duput's General Store.
   654 | D:2      | 654 ||| SHOPLISTING potion of haste (140 gold, have 47).
   654 | D:2      | 654 ||| SHOPLISTING potion of mutation (112 gold, have 47).
  1299 | D:2      | Reached XP level 6. HP: 36/36 MP: 6/6
  1339 | D:2      | 1339 ||| UPGRADING to amulet of guardian spirit.
  1344 | D:2      | 1344 ||| READING scroll labelled BEFIF GOIXT.
  1363 | D:3      | 1363 ||| STAIRDANCE
  1371 | D:2      | Reached skill level 3 in Fighting
  1451 | D:3      | Found a transporter.
  1455 | D:3      | Noticed qw's ghost (amateur GrHu)
  1552 | D:3      | 1552 ||| Stepping ~*~*~tactically~*~*~ (outnumbered).
  1555 | D:3      | 1555 ||| Stepping ~*~*~tactically~*~*~ (outnumbered).
  1581 | D:3      | 1581 ||| FLEEEEING.
  1582 | D:3      | 1582 ||| FLEEEEING.
  1583 | D:3      | 1583 ||| FLEEEEING.
  1584 | D:3      | 1584 ||| FLEEEEING.
  1585 | D:3      | 1585 ||| FLEEEEING.
  1586 | D:3      | 1586 ||| FLEEEEING.
  1587 | D:3      | 1587 ||| FLEEEEING.
  1588 | D:3      | 1588 ||| FLEEEEING.
  1589 | D:3      | 1589 ||| STAIRDANCE
  1603 | D:3      | 1603 ||| STAIRDANCE
  1699 | D:3      | 1699 ||| STAIRDANCE
  1704 | D:3      | Noticed Robin
  1705 | D:3      | 1705 ||| STAIRDANCE
  1724 | D:3      | 1724 ||| STAIRDANCE
  1728 | D:2      | Killed Robin
  1746 | D:2      | 1746 ||| UPGRADING to +0 helmet.
  1754 | D:3      | 1754 ||| STAIRDANCE
  1826 | D:3      | Identified the +7 dagger of Exquisite Death {flame, rF++}
  1883 | D:3      | Found a transporter.
  2019 | D:3      | 2019 ||| DROPPING ring of flight.
  2020 | D:3      | 2020 ||| READING scroll labelled JEFAQISKIG.
  2021 | D:3      | 2021 ||| READING scroll labelled FUHOMPOYGA.
  2022 | D:3      | 2022 ||| READING scroll labelled POULOELLOM.
  2028 | D:4      | Noticed Dowan
  2030 | D:4      | Noticed Duvessa
  2034 | D:4      | 2034 ||| STAIRDANCE
  2046 | D:4      | 2046 ||| STAIRDANCE
  2050 | D:4      | 2050 ||| STAIRDANCE
  2054 | D:4      | 2054 ||| STAIRDANCE
  2080 | D:4      | 2080 ||| STAIRDANCE
  2144 | D:4      | 2144 ||| STAIRDANCE
  2148 | D:4      | 2148 ||| STAIRDANCE
  2169 | D:4      | 2169 ||| STAIRDANCE
  2226 | D:4      | 2226 ||| STAIRDANCE
  2228 | D:3      | 2228 ||| Stepping ~*~*~tactically~*~*~ (retreating).
  2229 | D:3      | 2229 ||| Stepping ~*~*~tactically~*~*~ (retreating).
  2230 | D:3      | 2230 ||| Stepping ~*~*~tactically~*~*~ (retreating).
  2231 | D:3      | 2231 ||| Stepping ~*~*~tactically~*~*~ (retreating).
  2232 | D:3      | 2232 ||| Stepping ~*~*~tactically~*~*~ (retreating).
  2233 | D:3      | 2233 ||| Stepping ~*~*~tactically~*~*~ (retreating).
  2234 | D:3      | 2234 ||| Stepping ~*~*~tactically~*~*~ (retreating).
  2242 | D:3      | HP: 9/37 [Duvessa/+0 short sword (8)]
  2249 | D:3      | Slain by Duvessa

Levels and vault maps discovered:
D:1:      lemuel_arrival_cross, layout_basic
D:2:      layout_basic, serial_shops, nicolae_shop_trees, uniq_sigmund
D:3:      layout_rooms, gammafunk_ghost_stat_death,
          minmay_misc_feat_secret_circle, uniq_robin
D:4:      layout_cave_pools, minivault_1, uniq_duvessa

Skill      XL: |  1  2  3  4  5  6 |
---------------+-------------------+-----
Armour         | 4 |  4.7
Ranged Weapons | 5 |  5.8
Fighting       | 3 |  3.1
Dodging        | |  1.5
Stealth        | |  1.1

Action                     |  1- 3 |  4- 6 || total
---------------------------+-------+-------++-------
   Fire: Shortbow          |    71 |   179 ||   250
    Use: Scroll            |     1 |     4 ||     5
         Potion            |     1 |       ||     1
 Armour: Leather armour    |     9 |       ||     9
         Ring mail         |     7 |   132 ||   139
  Dodge: Dodged            |    15 |    82 ||    97

Table legend:
 A = Non-vault XP
 B = Vault XP
 C = Vault XP percentage of total XP
 D = Non-vault monster count
 E = Vault monster count
 F = Vault count percentage of total count
                 A         B        C        D         E       F
            +---------+---------+-------+---------+---------+-------
      Total |     253 |     260 |  50.7 |      66 |      13 |  16.5
            +---------+---------+-------+---------+---------+-------
        D:1 |      44 |       0 |   0.0 |      25 |       0 |   0.0
        D:2 |     108 |     254 |  70.2 |      25 |      10 |  28.6
        D:3 |     101 |       6 |   5.6 |      16 |       3 |  15.8
            +---------+---------+-------+---------+---------+-------
